AoeStats
← HenryDxebec

Arabia

509435536Analyzed
1v1 RM · 5d ago on Sep 26, 2026· 35m 46s· 2 players
Game mode
Random Map
Map size
Tiny (2 player)
Population
200
Speed
Normal
Resources
Standard
Victory
Conquest
Starting age
Dark Age
Ending age
Imperial Age
RankedLock teamsTeams togetherTeam positionsShared explorationLock speedFull tech treeHidden civsTurbo modeCheats
Victory
Defeat
🇫🇷 Tatars · France
730
+15
🇨🇱 Teutons · Chile
701
-15
HenryDxebec
12:58 Feudal Age
13:24 Double-Bit Axe
13:21 Horse Collar
17:39 Gold Mining
18:59 Stone Mining
19:04 Man-at-Arms
25:48 Castle Age
26:20 Wheelbarrow
27:17 Bow Saw
27:10 Heavy Plow
29:36 Hand Cart
30:07 Stone Shaft Mining
aPaP38
7:37 Loom
7:44 Loom
10:06 Feudal Age
10:51 Double-Bit Axe
12:02 Horse Collar
19:36 Scale Mail Armor
22:08 Castle Age
22:42 Gold Mining
25:34 Bloodlines
25:24 Husbandry
25:40 Scale Barding Armor
Connection lost

Rejoining the realm…

Still unreachable

The connection could not be restored.

Session expired

The server has moved on; the page needs a fresh start.